 Dungeon Crawl Stone Soup version 0.31.0-12-g77e489cdc1 (webtiles) character file.

Game seed: 6248460677130307728

58534 raph the Severer (level 14, -5/125 HPs)
             Began as a Minotaur Fighter on Mar 1, 2024.
             Was a Believer of Elyvilon.
             Slain by Kirke (9 damage)
             ... on level 5 of the Lair of Beasts.
             The game lasted 00:37:09 (20335 turns).

raph the Severer (Minotaur Fighter)                Turns: 20335, Time: 00:37:09

Health: -5/125     AC: 20    Str: 21    XL:     14   Next: 49%
Magic:  0/19       EV: 15    Int:  5    God:    Elyvilon [**....]
Gold:   1048       SH:  6    Dex: 15    Spells: 13/13 levels left

rFire   + . .        a - +1 broad axe
rCold   . . .        c - +0 buckler
rNeg    . . .        O - +0 plate armour
rPois   .            (helmet restricted)
rElec   .            W - +2 cloak
rCorr   .            V - +0 pair of gloves "Totexumiu" {rF+}
SInv    .            (no boots)
Will    +++..        X - amulet of guardian spirit Stlth
                     o - +5 ring of evasion
HPRegen 0.40/turn    L - ring of willpower
MPRegen 0.16/turn

%: guardian spirit
@: mighty, enlightened, flying, studying Translocations
A: horns 2, retaliatory headbutt, [deterioration 1], [inability to drink after
injury 1]
a: Renounce Religion, Purification, Heal Other


You were on level 5 of the Lair of Beasts.
You worshipped Elyvilon.
Elyvilon was pleased with you.
You visited 3 branches of the dungeon, and saw 17 of its levels.
You visited the Abyss 1 time.
You also visited: Sewer and Gauntlet.

You collected 1048 gold pieces.

Inventory:

Hand Weapons
 a - a +1 broad axe (weapon)
 b - a +0 morningstar of holy wrath
 F - a +0 war axe
Missiles
 r - 57 poisoned darts (quivered)
 D - a throwing net
 H - 6 datura-tipped darts
 J - 8 boomerangs
 Y - 4 silver javelins
Armour
 c - a +0 buckler (worn)
 O - a +0 plate armour (worn)
 V - the +0 pair of gloves "Totexumiu" (worn) {rF+}
   (You found it in a Gauntlet)

   rF+:       It protects you from fire.
 W - a +2 cloak (worn)
Jewellery
 l - a ring of flight
 o - a +5 ring of evasion (left hand)
 s - a ring of wizardry
 B - a ring of fire
 L - a ring of willpower (right hand)
 P - a ring of resist corrosion
 T - a +6 ring of intelligence
 X - an amulet of guardian spirit (around neck)
Wands
 d - a wand of flame (34)
 E - a wand of iceblast (19)
 N - a wand of paralysis (4)
 Q - a wand of polymorph (7)
Scrolls
 y - 4 scrolls of amnesia
 C - 2 scrolls of poison
 G - 2 scrolls of immolation
 I - a scroll of vulnerability
 M - 2 scrolls of fog
 S - 3 scrolls of noise
Potions
 f - 5 potions of mutation
 g - a potion of cancellation
 k - 4 potions of attraction
 m - 6 potions of curing
 t - a potion of berserk rage {unknown}
 w - a potion of invisibility {unknown}
 x - 4 potions of brilliance
 z - 2 potions of lignification
 A - a potion of resistance
Miscellaneous
 i - a condenser vane (inert)
 q - a lightning rod (4/4)
 Z - a phial of floods (inert)


   Skills:
 + Level 11.7 Fighting
 * Level 17.9 Axes
 + Level 8.9 Throwing
 + Level 11.5 Armour
 + Level 9.8 Dodging
 + Level 6.9 Shields
 + Level 9.1 Invocations
 + Level 3.5 Evocations


You had 13 spell levels left.
You didn't know any spells.
Your spell library contained the following spells:

 Spells                   Type           Power      Damage    Failure   Level
 Sting                    Conj/Alch      0%         1d3       100%        1
 Ensorcelled Hibernation  Hex/Ice        0%         N/A       100%        2
 Mercury Vapours          Alch/Air       0%         N/A       100%        2
 Sublimation of Blood     Necr           0%         N/A       100%        2
 Fugue of the Fallen      Necr           0%         N/A       100%        3
 Hailstorm                Conj/Ice       0%         3d5       100%        3
 Inner Flame              Hex/Fire       0%         N/A       100%        3
 Mephitic Cloud           Conj/Alch/Air  0%         N/A       100%        3
 Summon Ice Beast         Ice/Summ       0%         N/A       100%        3
 Anguish                  Hex/Necr       0%         N/A       100%        4
 Freezing Cloud           Conj/Ice/Air   0%         6-21      100%        5
 Irradiate                Conj/Alch      0%         3d11      100%        5
 Conjure Ball Lightning   Conj/Air       0%         3x3d6     100%        6
 Sculpt Simulacrum        Ice/Alch       0%         N/A       100%        6
 Discord                  Hex            0%         N/A       100%        8
 Disjunction              Tloc           0%         N/A       100%        8
 Ignition                 Fire           0%         3d3       100%        8
 Death's Door             Necr           0%         N/A       100%        9


Dungeon Overview and Level Annotations

Branches:
Dungeon (11/15)            Temple (1/1) D:7            Lair (5/5) D:11
 Shoals (0/4) Lair:3        Snake (0/4) Lair:3        Slime (0/5) Lair:4
  Sewer (visited)         Gauntlet (visited)
    Orc: D:9-12

Altars:
Ashenzari
Cheibriados
Dithmenos
Elyvilon
Fedhas
Gozag
Hepliaklqana
Kikubaaqudgha
Makhleb
Nemelex Xobeh
Okawaru
Qazlal
Ru
Sif Muna
Trog
Uskayaw
Vehumet
Wu Jian
Xom
Yredelemnul
Zin
The Shining One
Jiyva

Shops:
D:3 [   D:6 *

Annotations:
D:8 Amaemon
Lair:2 1 runed translucent door, phunky83's ghost, journeyman FeBe
Lair:5 Kirke; Sonja


Innate Abilities, Weirdness & Mutations

You have a pair of horns on your head.
You reflexively headbutt those who attack you in melee.
[Your body sometimes deteriorates upon taking damage.]
[You occasionally lose the ability to drink potions when taking damage.]


Message History

You barely miss something. You slash something! Something barely misses you.
There is a strange disturbance nearby!
You closely miss something. You headbutt something! You closely miss something.
You headbutt something. You block something's attack.
You closely miss something. Something hits you.
You slice something!! You barely miss the vampire mosquito.
The vampire mosquito barely misses you. Something hits you!
* * * LOW HITPOINT WARNING * * *
You closely miss something.
You hit the vampire mosquito but do no damage.
The vampire mosquito completely misses you.
You furiously retaliate!
You headbutt the vampire mosquito.
You block the vampire mosquito's attack.
Okay, then.
Okay, then.
You slash the vampire mosquito!
The vampire mosquito is almost destroyed.
You barely miss something.
You hear some strange, mumbled words.
Something tries to affect you, but you resist.
The vampire mosquito closely misses you.
You furiously retaliate!
You headbutt the vampire mosquito!
You destroy the vampire mosquito!
You closely miss something. Your headbutt misses something.
Something hits you but does no damage.
A tyrant leech comes into view.
You hit something. You headbutt something. You slash the hog!
The hog barely misses you. Something barely misses you.
You feel better. The hog misses you. Something hits you.
* * * LOW HITPOINT WARNING * * *
You feel very mighty all of a sudden. The hog barely misses you.
Something hits you!
* * * LOW HITPOINT WARNING * * *
You slash something! You slash the hog! The hog barely misses you.
You closely miss something. You slash the hog!
You kill the hog!
Something hits you!
You die...

*,................=...,,,,,,,,
*,....................,,,,,,,,
**....................,,,,,,,,
**....................,,,,,,,,
*,............w.......,,,,,,,,
**....................,,,,,,,,
**.........(.hh.......,,,,,,,,
*,.###......†{#..#..##*,**,*,*
**** ########@####*## *,,****,
### **** **


You could see a tyrant leech and 2 hogs.

Vanquished Creatures
  A tentacled starspawn (Abyss:3)
  A minotaur (Gauntlet)
  A great orb of eyes (Abyss:3)
  2 boulder beetles (D:11)
  3 two-headed ogres
  A thrashing horror (Abyss:3)
  A skyshark (Lair:5)
  A sun demon (Abyss:2)
  A fire crab (Gauntlet)
  A shadow wraith (Abyss:3)
  2 starcursed masses (Abyss:3)
  A cyclops (D:9)
  A merfolk siren (Lair:3)
  A rust devil (Abyss:3)
  A torpor snail (Lair:3)
  6 black mambas
  17 cane toads
  3 smoke demons (Abyss:3)
  3 large abominations
  3 kobold demonologists
  2 rime drakes
  A minotaur zombie (Gauntlet)
  10 komodo dragons
  3 trolls
  Psyche (D:11)
  3 polar bears
  A hornet (D:10)
  A raiju (Abyss:3)
  Grinder (D:5)
  A hornet (shapeshifter) (Abyss:3)
  44 blink frogs
  10 dream sheep
  Sigmund (D:3)
  A shadow (D:11)
  2 ynoxinuls (Abyss:3)
  2 spriggans (Lair:3)
  3 wraiths
  34 yaks
  5 small abominations (Abyss:3)
  A water elemental (D:11)
  4 wyverns
  4 basilisks
  4 fire bats (Gauntlet)
  Eustachio (D:5)
  2 hogs (Lair:5)
  Grum (Lair:1)
  4 vampire mosquitoes
  3 steam dragons
  Menkaure (D:5)
  An acid dragon (D:10)
  3 nagas (Lair:3)
  11 water moccasins
  A hell hound (Gauntlet)
  4 orc warriors
  An ice beast (D:7)
  2 sky beasts
  6 black bears
  8 laughing skulls
  An ogre (D:7)
  12 wolves
  2 phantoms
  6 centaurs
  7 kobold brigands
  19 bullfrogs
  A gnoll sergeant (D:9)
  6 scorpions
  8 wights
  10 killer bees
  An electric eel (D:11)
  A vampire bat (D:5)
  5 jellies
  4 bombardier beetles
  2 gnoll boudas
  4 orc priests
  5 hounds
  An iron imp (Abyss:3)
  A sleepcap (D:6)
  3 iguanas
  4 orc wizards
  12 hell rats
  2 human simulacra (D:9)
  Robin (D:3)
  14 gnolls
  2 adders
  A shadow imp (D:7)
  3 white imps
  5 ribbon worms
  19 orcs
  5 bats
  3 bat skeletons (D:5)
  4 bat zombies (D:5)
  14 endoplasms
  6 giant cockroaches
  12 goblins
  7 hobgoblins
  40 kobolds
  8 quokkas
  5 ball pythons
  4 frilled lizards
  4 rats
513 creatures vanquished.

Vanquished Creatures (collateral kills)
  An orc (D:8)
1 creature vanquished.

Vanquished Creatures (others)
  A komodo dragon (Lair:5)
  3 raiju (Abyss:3)
  A wyvern (Lair:3)
  A centaur (D:11)
  An orc wizard (D:10)
  An orc (D:8)
  3 starspawn tentacles (Abyss:3)
11 creatures vanquished.

Grand Total: 525 creatures vanquished

Notes
Turn   | Place    | Note
-------+----------+-------------------------------------------
     0 | D:1      | raph the Minotaur Fighter began the quest for the Orb.
     0 | D:1      | Reached XP level 1. HP: 19/19 MP: 0/0
   103 | D:1      | Reached skill level 3 in Axes
   426 | D:1      | Reached XP level 2. HP: 26/26 MP: 1/1
  1170 | D:2      | Reached skill level 4 in Axes
  1210 | D:2      | Identified the +0 ring mail "Teriridu" {rPois rC+}
  1345 | D:2      | Reached XP level 3. HP: 23/31 MP: 2/2
  1759 | D:3      | Found a snail-covered altar of Cheibriados.
  1767 | D:3      | Reached skill level 5 in Axes
  1785 | D:3      | Reached XP level 4. HP: 8/39 MP: 3/3
  1953 | D:3      | Noticed Sigmund
  1953 | D:3      | Noticed Robin
  2015 | D:3      | Found Urphog's Antique Armour Shop.
  2244 | D:3      | Found a blossoming altar of Fedhas.
  2331 | D:3      | Found a stormy altar of Qazlal.
  2341 | D:3      | Killed Robin
  2359 | D:3      | Killed Sigmund
  2360 | D:3      | Reached skill level 7 in Axes
  2360 | D:3      | Reached XP level 5. HP: 42/45 MP: 4/4
  2360 | D:3      | Reached XP level 6. HP: 48/51 MP: 5/5
  2834 | D:4      | Found a glowing drain.
  2857 | Sewer    | Entered a sewer
  3077 | Sewer    | Reached skill level 8 in Axes
  3383 | Sewer    | Reached skill level 9 in Axes
  3383 | Sewer    | Reached XP level 7. HP: 33/57 MP: 6/6
  3574 | D:4      | Found a white marble altar of Elyvilon.
  3816 | D:4      | Became a worshipper of Elyvilon the Healer
  3829 | D:5      | Entered Level 5 of the Dungeon
  3846 | D:5      | Reached skill level 10 in Axes
  4037 | D:5      | Reached skill level 1 in Dodging
  4112 | D:5      | Noticed a yak
  4130 | D:4      | Killed a yak
  4131 | D:4      | Reached skill level 1 in Invocations
  4131 | D:4      | Reached XP level 8. HP: 66/66 MP: 7/7
  4234 | D:5      | Noticed Grinder
  4238 | D:5      | Paralysed by Grinder for 5 turns
  4244 | D:5      | Reached skill level 11 in Axes
  4249 | D:5      | Paralysed by Grinder for 5 turns
  4260 | D:5      | Killed Grinder
  4529 | D:5      | Found an iron altar of Okawaru.
  4566 | D:5      | Reached skill level 5 in Fighting
  4624 | D:5      | Reached skill level 5 in Armour
  4632 | D:5      | Noticed Eustachio
  4644 | D:5      | Killed Eustachio
  4645 | D:5      | Reached skill level 1 in Throwing
  4729 | D:5      | Reached * piety under Elyvilon
  4809 | D:5      | Found an ancient bone altar of Kikubaaqudgha.
  4939 | D:5      | Noticed Menkaure
  4944 | D:5      | Killed Menkaure
  4945 | D:5      | Reached XP level 9. HP: 22/74 MP: 10/10
  5215 | D:6      | Reached skill level 12 in Axes
  5378 | D:6      | Found a hide-covered altar of Uskayaw.
  5748 | D:6      | Found an opulent altar of Gozag.
  5750 | D:6      | Found Gozag's Platinum Reserve.
  6066 | D:7      | Found a staircase to the Ecumenical Temple.
  6076 | Temple   | Entered the Ecumenical Temple
  6106 | D:7      | Reached ** piety under Elyvilon
  6456 | D:7      | Found a basalt altar of Yredelemnul.
  6571 | D:8      | Reached XP level 10. HP: 78/84 MP: 12/12
  6727 | D:8      | Reached skill level 13 in Axes
  6841 | D:8      | Noticed Amaemon
  6841 | D:8      | Noticed an orange demon
  7130 | D:9      | Reached *** piety under Elyvilon
  7542 | D:9      | Reached skill level 5 in Dodging
  7840 | D:9      | Noticed a cyclops
  7853 | D:9      | Killed a cyclops
  7854 | D:9      | Reached skill level 5 in Invocations
  8217 | D:10     | Entered Level 10 of the Dungeon
  8307 | D:10     | Noticed a two-headed ogre
  8321 | D:10     | Killed a two-headed ogre
  8334 | D:10     | Noticed a rust devil
  8854 | D:10     | Paralysed by a hornet for 2 turns
  8860 | D:10     | Reached XP level 11. HP: 46/94 MP: 14/14
  9244 | D:10     | Reached skill level 5 in Throwing
  9250 | D:10     | Reached skill level 14 in Axes
  9771 | D:11     | Found a staircase to the Lair.
  9787 | D:11     | Noticed a two-headed ogre
  9797 | D:11     | Killed a two-headed ogre
 10013 | D:11     | Noticed a boulder beetle
 10024 | D:11     | Killed a boulder beetle
 10139 | D:11     | Reached **** piety under Elyvilon
 10503 | D:11     | Noticed a sun demon
 10523 | D:11     | Noticed a sixfirhy
 10720 | D:11     | Noticed a boulder beetle
 10734 | D:11     | Killed a boulder beetle
 10983 | D:11     | Noticed a two-headed ogre
 11017 | D:11     | Killed a two-headed ogre
 11199 | D:11     | Noticed Psyche
 11205 | D:11     | Killed Psyche
 11338 | D:11     | Identified the +0 ring mail of Emivef {Slay+2}
 11550 | Lair:1   | Entered Level 1 of the Lair of Beasts
 11569 | Lair:1   | Reached skill level 15 in Axes
 11877 | Lair:1   | Reached XP level 12. HP: 97/104 MP: 14/16
 11946 | Lair:1   | Noticed Grum
 11952 | Lair:1   | Killed Grum
 12638 | Lair:1   | Reached ***** piety under Elyvilon
 12880 | Lair:2   | You fall into a shaft and drop 1 floor!
 12880 | Lair:3   | Noticed a six-headed hydra
 12883 | Lair:3   | Pacified a six-headed hydra
 13442 | Lair:2   | Found a runed translucent door.
 13446 | Lair:2   | Noticed phunky83's ghost (journeyman FeBe)
 13485 | Lair:2   | Reached skill level 16 in Axes
 13491 | Lair:2   | Reached skill level 10 in Fighting
 13918 | Lair:2   | Noticed an eight-headed hydra
 13921 | Lair:2   | Pacified an eight-headed hydra
 14617 | Lair:3   | Reached skill level 10 in Armour
 15250 | Lair:3   | Reached XP level 13. HP: 105/114 MP: 17/17
 15252 | Lair:3   | Found a staircase to the Shoals.
 15815 | Lair:3   | Found a staircase to the Snake Pit.
 16005 | Lair:3   | Got Sif Muna's Quarto of Skeletons and Decomposition
 16535 | Lair:4   | Reached skill level 1 in Evocations
 16671 | Lair:4   | Reached skill level 5 in Shields
 16983 | Lair:4   | Reached skill level 17 in Axes
 17168 | Lair:4   | Found a viscous altar of Jiyva.
 17168 | Lair:4   | Found a staircase to the Slime Pits.
 17552 | Lair:5   | Entered Level 5 of the Lair of Beasts
 17632 | Lair:5   | Found a gate leading to a gauntlet.
 17669 | Gauntlet | Entered a Gauntlet
 17669 | Gauntlet | Found a transporter.
 17669 | Gauntlet | Found a transporter.
 17739 | Gauntlet | Found a transporter.
 17760 | Gauntlet | Found a transporter.
 17769 | Gauntlet | Found a transporter.
 17771 | Gauntlet | Found a transporter.
 17771 | Gauntlet | Found a transporter.
 17775 | Gauntlet | Found a transporter.
 17803 | Gauntlet | Found a transporter.
 17812 | Gauntlet | Found a transporter.
 17845 | Gauntlet | Found a transporter.
 17860 | Gauntlet | Found a transporter.
 17874 | Gauntlet | Found a transporter.
 17968 | Gauntlet | Found a transporter.
 17977 | Gauntlet | Found a transporter.
 17993 | Gauntlet | Found a transporter.
 18429 | Gauntlet | Identified the +0 pair of gloves "Totexumiu" {rF+}
 18642 | Gauntlet | Noticed a minotaur
 18648 | Gauntlet | Killed a minotaur
 18997 | Lair:5   | Reached XP level 14. HP: 68/124 MP: 16/19
 19326 | Lair:5   | Noticed Sonja
 19353 | Lair:5   | HP: 6/124 [Sonja/+0 dagger of distortion (2)]
 19353 | Lair:5   | Elyvilon protects you from harm!
 19354 | Abyss:2  | Found a corrupted altar of Lugonu.
 19354 | Abyss:2  | Cast into level 2 of the Abyss (Sonja)
 19611 | Abyss:2  | HP: 1/100 [starcursed mass/accursed screaming (5)]
 19613 | Abyss:2  | Paralysed by accursed screaming for 1 turns
 20023 | Abyss:3  | Lost intelligence.
 20212 | Abyss:3  | Noticed a tentacled starspawn
 20224 | Abyss:3  | HP: 5/100 [laughing skull (1)]
 20224 | Abyss:3  | HP: 1/100 [tentacled starspawn (4)]
 20229 | Abyss:3  | Killed a tentacled starspawn
 20242 | Lair:5   | Escaped the Abyss
 20291 | Lair:5   | Noticed Kirke
 20305 | Lair:5   | HP: 4/125 [hog[Kirke] (9)]
 20327 | Lair:5   | HP: 6/125 [something (6)]
 20333 | Lair:5   | HP: 3/125 [something (7)]
 20335 | Lair:5   | Slain by Kirke

Illustrated notes

Levels and vault maps discovered:
D:1:      mrwooster_arrival_statue_2, layout_basic, st_stairs_6,
          chequers_arboretum
D:2:      layout_loops_ring, hangedman_glass_teeth
D:3:      layout_rooms, slow_altar_2, nicolae_qazlal_eye_of_the_storm,
          fedhas_ov_isle_minmay, serial_shops, shop, uniq_robin, uniq_sigmund
D:4:      nicolae_cairo_tiling_large, layout_basic, overflow_temple_1_default,
          portal_sewer_entry_f
D:5:      layout_cave_pools, kennysheep_vampire_church,
          kennysheep_okawaru_gauntlet, nicolae_kite_square_tiling_tiny,
          minmay_statues_item, chequers_serial_rivers_small_a,
          minmay_manual_mess, uniq_grinder, uniq_menkaure, uniq_eustachio
D:6:      layout_cave_pools, nicolae_gozag_zags_fifth_avenue,
          kennysheep_little_box
D:7:      layout_rooms, marbit_many_paths, minmay_temple_entry_mini_moons
D:8:      layout_rooms, uniq_amaemon
D:9:      layout_irregular_city, bh_circular_ruins
D:10:     nicolae_whirlpool, layout_basic
D:11:     layout_basic, due_lair_maze_entry_diamond, kennysheep_generic_room_16,
          uniq_psyche
Temple:   nicolae_temple_god_jail
Lair:1:   layout_regular_city, chequers_serial_rivers_micro_a, uniq_grum
Lair:2:   layout_roguey, ebering_ghost_reflecting_pool
Lair:3:   layout_long_grid, minmay_shoals_entry_lonely_mermaid,
          guppyfry_snake_entry_island, eino_small_chamber_without_monster,
          st_stairs_3, forest_entry_grove, grunt_megastairs_2
Lair:4:   layout_misc_corridors, slime_entry_2
Lair:5:   minmay_lair_end_frog_pond, layout_regular_city,
          gauntlet_entry_generic, uniq_sonja, uniq_kirke

Skill      XL: |  1  2  3  4  5  6  7  8  9 10 11 12 13 14 |
---------------+-------------------------------------------+-----
Axes           | 3 4 5 7 9 10 11 12 13 15 16 17 | 17.9
Armour         | 4 5 6 7 9 10 11 | 11.5
Dodging        | 1 3 4 5 7 8 9 |  9.8
Fighting       | 4 5 6 7 9 10 11 | 11.7
Invocations    | 1 2 4 5 6 7 8 9 |  9.1
Throwing       | 1 3 4 6 7 8 |  8.9
Shields        | 4 6 |  6.9
Evocations     | 2 3 |  3.5

Action                     |  1- 3 |  4- 6 |  7- 9 | 10-12 | 13-15 || total
---------------------------+-------+-------+-------+-------+-------++-------
  Melee: War axe           |    68 |    97 |   136 |       |       ||   301
         Headbutt          |     9 |    20 |    44 |   139 |   136 ||   348
         Broad axe         |       |       |   105 |   585 |   546 ||  1236
         Unarmed           |       |       |       |       |     4 ||     4
  Throw: Dart              |       |       |     4 |    83 |    18 ||   105
 Invoke: Heal Other        |       |       |       |    14 |    12 ||    26
         Heal Self         |       |       |       |     1 |    13 ||    14
         Purification      |       |       |       |     1 |     3 ||     4
  Evoke: Phial of floods   |       |       |       |       |     1 ||     1
         Condenser vane    |       |       |       |       |     1 ||     1
    Use: Scroll            |       |    11 |     6 |     8 |    11 ||    36
         Potion            |       |     1 |     1 |     4 |    12 ||    18
 Armour: Scale mail        |    19 |       |       |       |       ||    19
         Chain mail        |    28 |    74 |   146 |   374 |       ||   622
         Plate armour      |       |       |       |     9 |   387 ||   396
         Skin              |       |       |       |       |     5 ||     5
  Dodge: Dodged            |    25 |    55 |   146 |   422 |   356 ||  1004
  Block: Buckler           |    19 |    33 |    61 |   146 |   142 ||   401
